 Dungeon Crawl Stone Soup version 0.29.1-1-gd02db6906a (webtiles) character file.

Game seed: 12265081811242322422

3 vvl the Stinger (level 1, -4/13 HPs)
             Began as a Demonspawn Venom Mage on Sept 19, 2022.
             Slain by a goblin
             ... wielding a +2 dagger of holy wrath
              (5 damage)
             ... on level 1 of the Dungeon.
             The game lasted 00:00:46 (546 turns).

vvl the Stinger (Demonspawn Venom Mage)              Turns: 546, Time: 00:00:46

Health: -4/13      AC:  2    Str:  8    XL:     1   Next: 41%
Magic:  2/3        EV: 12    Int: 16    God:
Gold:   6          SH:  0    Dex: 13    Spells: 3/4 levels left

rFire   . . .      SeeInvis .   c - +0 short sword
rCold   . . .      Faith    .   (no shield)
rNeg    . . .      Spirit   .   a - +0 robe
rPois   .          Reflect  .   (no helmet)
rElec   .          Harm     .   (no cloak)
rCorr   .          Rampage  .   (no gloves)
Will    .....                   (no boots)
Stlth   ++........              (no amulet)
HPRegen 0.04/turn               (no ring)
MPRegen 0.08/turn               (no ring)

@: no status effects
A: no striking features
a: no special abilities


You were on level 1 of the Dungeon.
You visited 1 branch of the dungeon, and saw 1 of its levels.

You collected 6 gold pieces.

Inventory:

Hand Weapons
 c - a +0 short sword (weapon)
Armour
 a - a +0 robe (worn)
Potions
 b - 2 potions of magic
 d - a potion of heal wounds {unknown}


   Skills:
 + Level 0.1 Fighting
 + Level 0.1 Armour
 + Level 1.8 Dodging
 + Level 1.8 Stealth
 + Level 2.0 Spellcasting
 + Level 0.9 Transmutations
 + Level 3.0 Poison Magic


You had 3 spell levels left.
You knew the following spells:

 Your Spells              Type           Power      Damage    Failure   Level
a - Sting                 Tmut/Pois      32%        1d4       9%          1

Your spell library contained the following spells:

 Spells                   Type           Power      Damage    Failure   Level
 Poisonous Vapours        Pois/Air       12%        N/A       17%         2
 Mephitic Cloud           Conj/Pois/Air  4%         N/A       38%         3
 Olgreb's Toxic Radiance  Pois           11%        N/A       52%         4


Dungeon Overview and Level Annotations

Branches:
Dungeon (1/15)

Altars:


Message History

You kill the ball python!
Key pressed, stopping explore.
You now have 6 gold pieces.
Found a mace.
You see here a +0 mace.
You see here a +0 mace.
You see here a ball python skeleton.
You open the door.
There is an open door here.
There is an open door here.
b - 2 potions of magic (gained 1) As you open the door, it creaks loudly!
There is an open door here.
A goblin comes into view.
It is wielding a +2 dagger of holy wrath.
The goblin shouts!
The goblin moves out of view.
A goblin is nearby!
A rat comes into view.
The rat moves out of view.
Found a pair of gloves and 5 gold pieces.
The goblin hits you with a +2 dagger of holy wrath.
You convulse.
You closely miss the goblin.
The goblin hits you with a +2 dagger of holy wrath.
You convulse.
The goblin barely misses you.
You hit the goblin.
The goblin is heavily wounded.
The goblin hits you with a +2 dagger of holy wrath.
You convulse.
* * * LOW HITPOINT WARNING * * *
You are too injured to fight recklessly!
You are too injured to fight recklessly!
Casting: Sting (safe; 9% risk of failure)
Confirm with . or Enter, or press ? or * to list all spells.
Aiming: Sting (safe; 9% risk of failure)
Press: ? - help, Shift-Dir - straight line, f - goblin
Aim: a goblin, wielding a +2 dagger of holy wrath (heavily wounded, 60% to hit)
The sting misses the goblin.
The goblin hits you with a +2 dagger of holy wrath.
You die...

#.##########.....#
#####.........########
#.............#
.............#
.............#
#.........########
+.........'.......
#.........########
#@######### ......g.#
......r.# ........#
......... .........
........[ #+#+#$....


You could see a goblin and a rat.

Vanquished Creatures
  A ball python (D:1)
  A giant cockroach (D:1)
  A kobold (D:1)
3 creatures vanquished.

Notes
Turn   | Place    | Note
-------+----------+-------------------------------------------
     0 | D:1      | vvl the Demonspawn Venom Mage began the quest for the Orb.
     0 | D:1      | Reached XP level 1. HP: 13/13 MP: 3/3
   546 | D:1      | Slain by a goblin

Illustrated notes

Levels and vault maps discovered:
D:1:      spicycebolla_green_bress_n_ham, layout_basic, serial_corexii_hall,
          chequers_hall_statues_corner_a, chequers_hall_statues_wall_a

Action                   || total
-------------------------++-------
Melee: Short sword       ||    16
 Cast: Sting             ||     4
Armor: Robe              ||     6
Dodge: Dodged            ||    13
